 Dungeon Crawl Stone Soup version 0.32-a0-39-g5c88369fb2 (webtiles) character file.

Game seed: 4518851213407260592

5829 Colgate the Zephyrmancer (level 10, -1/51 HPs)
             Began as a Vine Stalker Air Elementalist on Feb 5, 2024.
             Was an Initiate of Ashenzari.
             Succumbed to a hornet's poison
             ... while paralysed by a hornet
             ... on level 8 of the Dungeon.
             The game lasted 00:38:54 (8208 turns).

Colgate the Zephyrmancer (VSAE)                     Turns: 8208, Time: 00:38:54

Health: -1/51      AC: 16    Str: 16    XL:     10   Next: 80%
Magic:  2/23       EV:  2    Int: 15    God:    Ashenzari [......]
Gold:   322        SH:  0    Dex: 14    Spells: 24/25 levels left

rFire   . . .        a - +1 dagger (elec)
rCold   . . .        (no shield)
rNeg    + . .        f - +0 plate armour
rPois   .            q - +0 helmet
rElec   .            P - +0 cloak
rCorr   .            h - +0 pair of gloves "Share My Skepticism" {Bglg, Self} (curse)
SInv    .            x - +2 pair of boots {rampage}
Will    +....        (no amulet) Stlth
                     z - ring of positive energy
HPRegen 1.08/turn    G - +5 ring of evasion
MPRegen 0.18/turn

%: guardian spirit, rampage
@: paralysed, lethally poisoned (-1 -> -7), slowed
A: fangs 3, regeneration 1, magic shield, antimagic bite, no potion heal 2
a: Renounce Religion, Shatter the Chains


You were on level 8 of the Dungeon.
You worshipped Ashenzari.
Ashenzari was noncommittal.
You visited 2 branches of the dungeon, and saw 9 of its levels.

You collected 322 gold pieces.

Inventory:

Hand Weapons
 a - a +1 dagger of electrocution (weapon)
 b - a +4 short sword of freezing
 K - a +2 dagger of holy wrath
Missiles
 A - a throwing net {!f}
Armour
 f - a +0 plate armour (worn)
 h - the cursed +0 pair of gloves "Share My Skepticism" (worn) {Bglg, Self}
   (You found it on level 1 of the Dungeon)

   It has a curse which improves the following skills: Beguiling: Hexes and
   Translocations.
   Introspection: Fighting and Spellcasting.
 n - a scarf of resistance
 q - a +0 helmet (worn)
 x - a +2 pair of boots of rampaging (worn)
 P - a +0 cloak (worn)
Jewellery
 z - a ring of positive energy (left hand)
 G - a +5 ring of evasion (right hand)
 H - a ring of fire
 L - a ring of flight
Talismans
 u - a maw talisman
Wands
 o - a wand of roots (21) {@v2}
 C - a wand of flame (11) (quivered)
 E - a wand of digging (7) {@v3}
 J - a wand of acid (7) {@v1}
 N - a wand of paralysis (15)
Scrolls
 c - 3 scrolls of immolation {unknown}
 j - 2 scrolls of fog
 k - 5 scrolls of teleportation {unknown}
 m - 9 scrolls of identify {unknown}
 s - a scroll of noise {unknown}
 v - a scroll of revelation {unknown}
 w - 4 scrolls of amnesia {unknown}
 y - a scroll of enchant weapon {unknown}
 D - a scroll of poison {unknown}
 I - a scroll of brand weapon {unknown}
 M - 2 scrolls of enchant armour {unknown}
Potions
 d - a potion of resistance {unknown}
 e - 2 potions of enlightenment {unknown}
 g - 3 potions of haste {unknown}
 i - 6 potions of curing {unknown}
 l - 2 potions of mutation {unknown}
 p - 4 potions of might {unknown}
 r - 3 potions of berserk rage {unknown}
 t - 2 potions of heal wounds {unknown}
 B - a potion of cancellation {unknown}
 F - 2 potions of magic
 O - a potion of lignification {unknown}


   Skills:
 - Level 5.1(5.5) Fighting
 - Level 8.0 Short Blades
 - Level 1.5 Dodging
 - Level 2.4 Stealth
 - Level 8.0(8.4) Spellcasting
 - Level 1.0 Conjurations
 + Level 9.7 Air Magic


You had 24 spell levels left.
You knew the following spells:

 Your Spells              Type           Power      Damage    Failure   Level
a - Shock                 Conj/Air       88%        1d8       71%         1

Your spell library contained the following spells:

 Spells                   Type           Power      Damage    Failure   Level
 Swiftness                Air            35%        N/A       45%         3
 Static Discharge         Conj/Air       44%        3-5/arc   85%         2
 Airstrike                Air            17%        2d(3-19)  86%         4
 Freeze                   Ice            24%        1d4       100%        1
 Kiss of Death            Conj/Necr      28%        2d7       100%        1
 Confusing Touch          Hex            6%         N/A       100%        3
 Dazzling Flash           Conj/Hex       14%        N/A       100%        3
 Frozen Ramparts          Ice            12%        1d2       100%        3
 Hailstorm                Conj/Ice       7%         3d5       100%        3
 Summon Ice Beast         Ice/Summ       6%         N/A       100%        3
 Volatile Blastmotes      Fire/Tloc      12%        2d11      100%        3
 Dispel Undead            Necr           6%         3d8       100%        4
 Summon Mana Viper        Hex/Summ       6%         N/A       100%        5
 Starburst                Conj/Fire      3%         6d3       100%        6
 Monstrous Menagerie      Summ           3%         N/A       100%        7
 Maxwell's Capacitive Co  Air            17%        ∞         100%        8


Dungeon Overview and Level Annotations

Branches:
Dungeon (8/15)             Temple (1/1) D:7
   Lair: D:8-11

Altars:
Ashenzari
Cheibriados
Dithmenos
Elyvilon
Gozag
Hepliaklqana
Kikubaaqudgha
Makhleb
Nemelex Xobeh
Qazlal
Sif Muna
Trog
Uskayaw
Vehumet
Wu Jian
Xom
Yredelemnul
Zin
The Shining One

Shops:
D:4 (

Annotations:
D:7 Maurice


Innate Abilities, Weirdness & Mutations

You have razor-sharp teeth.
Your natural rate of healing is unusually fast.
When hurt, damage is shared between your health and your magic reserves.
Your bite disrupts and absorbs the magic of your enemies.
Potions cannot restore your health.


Message History

You are poisoned.
You feel yourself slow down.
You closely miss the hornet. Your bite misses the hornet.
You feel very sick.
The hornet stings you but does no damage.
You hit the hornet. You punch the hornet, but do no damage.
You feel sick.
The hornet stings you but does no damage.
You miss the hornet. You bite the hornet, but do no damage.
You feel sick. The hornet stings you!
You feel as though you will be slow longer.
The hornet stings you but does no damage.
You are too injured to fight recklessly!
You are too injured to fight recklessly!
You are too injured to fight recklessly!
You are too injured to fight recklessly!
You are too injured to fight recklessly!
You hit the hornet but do no damage. Your bite misses the hornet.
You feel sick. The hornet closely misses you.
You hit the hornet but do no damage.
You feel sick. The hornet stings you.
You are more poisoned.
You feel as though you will be slow longer.
You closely miss the hornet.
You feel very sick. The hornet stings you!
* * * LOW HITPOINT WARNING * * *
You are more poisoned.
You suddenly lose the ability to move!
The hornet stings you but does no damage.
* * * LOW HITPOINT WARNING * * *
You feel very sick. The hornet stings you.
* * * LOW HITPOINT WARNING * * *
You feel as though you will be slow longer.
* * * LOW HITPOINT WARNING * * *
You feel very sick.
The hornet stings you but does no damage.
The hornet stings you.
* * * LOW HITPOINT WARNING * * *
You feel as though you will be slow longer.
You die...

#.# #.# ###########.#
#.........#.#
#.........#.#
.###.........#.#########
........................
......y[................
##....@.....#.##.......
..................P.PPPP
..#.#.#.......>...P.....
# #.#.######....P.P... #
#.########..P.P._.
#.##........P.P...
#.##.######.P.....
#.##.#


#.P.PPPP #.##.######....... You could see a hornet.

Vanquished Creatures
  2 two-headed ogres (D:6)
  Joseph (D:7)
  A troll (D:6)
  A wyvern (D:6)
  A steam dragon (D:8)
  2 water moccasins (D:6)
  3 orc warriors
  5 ice beasts
  2 sky beasts (D:8)
  A black bear (D:8)
  2 centaurs (D:5)
  3 phantoms
  5 bullfrogs
  A kobold brigand (D:6)
  3 scorpions
  7 wights
  3 killer bees (D:6)
  A howler monkey (D:5)
  2 bombardier beetles
  2 jellies
  5 hounds
  8 orc priests
  A gnoll bouda (D:5)
  4 iguanas
  8 orc wizards
  Robin (D:3)
  9 gnolls
  7 adders
  2 white imps (D:7)
  2 ufetubi
  A dart slug (D:1)
  4 ribbon worms
  28 orcs
  4 ball pythons
  5 endoplasms
  A giant cockroach (D:3)
  9 goblins
  14 hobgoblins
  3 jackals (D:1)
  4 quokkas
  4 bats
  3 frilled lizards
  13 kobolds
  5 rats (D:2)
193 creatures vanquished.

Notes
Turn   | Place    | Note
-------+----------+-------------------------------------------
     0 | D:1      | Colgate the Vine Stalker Air Elementalist began the quest
                  | for the Orb.
     0 | D:1      | Reached XP level 1. HP: 9/9 MP: 4/4
   234 | D:1      | Reached skill level 1 in Fighting
   334 | D:1      | Reached XP level 2. HP: 14/14 MP: 3/6
   817 | D:1      | Reached skill level 1 in Short Blades
   986 | D:1      | Reached XP level 3. HP: 18/18 MP: 7/7
  1097 | D:2      | Found a bloodstained altar of Trog.
  1386 | D:2      | Found the +5 woodcutter's axe
  1513 | D:2      | Reached XP level 4. HP: 23/23 MP: 8/8
  1674 | D:2      | Reached XP level 5. HP: 26/26 MP: 9/9
  2924 | D:3      | Noticed Robin
  2971 | D:3      | Killed Robin
  3316 | D:4      | Reached XP level 6. HP: 27/30 MP: 10/10
  3372 | D:4      | Reached skill level 5 in Short Blades
  3522 | D:4      | Reached XP level 7. HP: 33/34 MP: 11/11
  3730 | D:4      | Found Evymalun's Antique Weapon Shoppe.
  3987 | D:5      | Entered Level 5 of the Dungeon
  3996 | D:5      | Found a glowing golden altar of the Shining One.
  4163 | D:5      | Gained mutation: You have razor-sharp teeth. [Vine Stalker
                  | growth]
  4163 | D:5      | Reached XP level 8. HP: 38/38 MP: 12/12
  4816 | D:6      | Noticed a wyvern
  4818 | D:6      | Killed a wyvern
  4940 | D:5      | Reached skill level 5 in Spellcasting
  4994 | D:6      | Reached XP level 9. HP: 46/46 MP: 17/17
  5248 | D:6      | Reached skill level 5 in Fighting
  6254 | D:6      | Noticed a two-headed ogre
  6294 | D:6      | Killed a two-headed ogre
  6298 | D:6      | Reached skill level 4 in Air Magic
  6365 | D:6      | Noticed a troll
  6377 | D:6      | Killed a troll
  6378 | D:6      | Reached skill level 5 in Air Magic
  6391 | D:6      | Noticed a two-headed ogre
  6436 | D:6      | Killed a two-headed ogre
  6437 | D:6      | Reached skill level 6 in Air Magic
  6437 | D:6      | Reached XP level 10. HP: 34/51 MP: 23/23
  6766 | D:7      | Found a staircase to the Ecumenical Temple.
  6766 | D:7      | Noticed Maurice
  6880 | Temple   | Entered the Ecumenical Temple
  6953 | Temple   | Became a worshipper of Ashenzari the Shackled
  7135 | D:7      | Reached skill level 7 in Air Magic
  7418 | D:7      | Reached skill level 8 in Air Magic
  7639 | D:7      | Noticed Joseph
  7644 | D:7      | Paralysed by Joseph for 4 turns
  7653 | D:7      | Paralysed by Joseph for 4 turns
  7678 | D:7      | Killed Joseph
  7842 | D:8      | Found a basalt altar of Yredelemnul.
  7931 | D:8      | Reached skill level 9 in Air Magic
  8205 | D:8      | Paralysed by a hornet for 3 turns
  8207 | D:8      | HP: 1/51 [hornet (3)]
  8208 | D:8      | Succumbed to a hornet's poison

Illustrated notes

Levels and vault maps discovered:
D:1:      nicolae_arrival_memento_mori, layout_loops_ring, serial_glass,
          glass_columns_b, glass_columns_c, serial_bayou_ford_a,
          wad_floor_pattern_2
D:2:      minmay_general_purpose_star, layout_loops_ring, basic_altar,
          chequers_decorated_corner, minmay_misc_feat_encased,
          minmay_stone_trees_small, dreamdust_princess_bridge,
          minmay_misc_feat_columns
D:3:      kennysheep_big_flooded_room, layout_basic, uniq_robin
D:4:      layout_rooms, serial_shops, nicolae_shop_crystal,
          nicolae_figureground_sparkle
D:5:      layout_rooms, mainiacjoe_overflow_paths
D:6:      minmay_chambers_of_sixes, layout_layer_cave
D:7:      layout_loops_ring, temple_hall, uniq_maurice, uniq_joseph
D:8:      layout_basic, mainiacjoe_overflow_cross_hatched,
          nicolae_figureground_pulse
Temple:   minmay_temple_bridge_d

Skill      XL: |  1  2  3  4  5  6  7  8  9 10 |
---------------+-------------------------------+-----
Fighting       | 1 4 5 |  5.1
Short Blades   | 1 2 3 4 5 7 8 |  8.0
Spellcasting   | 5 8 |  8.0
Air Magic      | 6 9 |  9.7
Dodging        | |  1.5
Stealth        | |  2.4
Conjurations   | |  1.0

Action                     |  1- 3 |  4- 6 |  7- 9 | 10-12 || total
---------------------------+-------+-------+-------+-------++-------
  Melee: Short sword       |    84 |   276 |    43 |    14 ||   417
         Bite              |    24 |    93 |    95 |    83 ||   295
         Punch             |     1 |     1 |     7 |     5 ||    14
         Dagger            |       |       |   293 |   243 ||   536
   Cast: Shock             |    28 |       |       |       ||    28
 Invoke: Curse Item        |       |       |       |     1 ||     1
  Evoke: Wand              |       |       |     1 |       ||     1
    Use: Scroll            |       |     1 |       |       ||     1
 Armour: Robe              |    11 |       |       |       ||    11
         Plate armour      |    59 |   230 |   258 |   135 ||   682
  Dodge: Dodged            |    28 |    24 |    38 |    52 ||   142
         Form:             |       |       |       |     1 ||     1
         Maw               |       |       |       |     1 ||     1

Table legend: (Time is in decaauts)
 A = Elapsed time spent in this place.
 B = Non-inter-level travel time spent in this place.
 C = Inter-level travel time spent in this place.
 D = Time resting spent in this place.
 E = Time spent auto-exploring this place.
 F = Levels seen in this place.
 G = Mean time per level.
                   A        B        C        D        E       F      G
               +--------+--------+--------+--------+--------+-----+--------+
         Total |   7934 |   7267 |    667 |    235 |   5146 |   9 |  881.6 |
       Dungeon |   7787 |   7264 |    523 |    235 |   5146 |   8 |  973.4 |
        Temple |    146 |      2 |    144 |      0 |      0 |   1 |  146.0 |
               +--------+--------+--------+--------+--------+-----+--------+

Top non-repeatable levels by time:
     D:6: 1743 daAuts
     D:2: 1218 daAuts
     D:1: 1104 daAuts
     D:3: 874 daAuts
     D:4: 862 daAuts
     D:7: 833 daAuts
     D:5: 741 daAuts
     D:8: 409 daAuts
  Temple: 146 daAuts
